 Dungeon Crawl Stone Soup version 0.24-a0-652-g46ecf6da75 (webtiles) character file.

Game seed: 14299695664892775869, levelgen mode: deterministic

803 Deluxe999 the Skirmisher (level 7, -6/66 HPs)
             Began as a Hill Orc Fighter on Sept 24, 2019.
             Mangled by an iron imp (8 damage)
             ... summoned by Eustachio
             ... on level 5 of the Dungeon on Sept 26, 2019.
             The game lasted 00:57:06 (7607 turns).

Deluxe999 the Skirmisher (Hill Orc Fighter)         Turns: 7607, Time: 00:57:10

Health: -6/66      AC:  0    Str: 26    XL:     7   Next: 91%
Magic:  7/7        EV:  3    Int:  8    God:
Gold:   281        SH:  0    Dex: -2 (10) Spells: 6/6 levels left

rFire    . . .     SeeInvis .   (weapon currently unavailable)
rCold    . . .     Gourm    .   (shield currently unavailable)
rNeg     . . .     Faith    .   (armour currently unavailable)
rPois    .         Spirit   .   (helmet currently unavailable)
rElec    .         Reflect  .   (cloak currently unavailable)
rCorr    .         Harm     .   (gloves currently unavailable)
MR       .....                  (boots currently unavailable)
Stlth    ..........             (no amulet)
HPRegen  0.21/turn              (ring currently unavailable)
MPRegen  0.10/turn              (ring currently unavailable)

@: confused, mighty, pig-form (expiring), slowed, lost dexterity, heavily
drained
A: small
a: no special abilities


You were on level 5 of the Dungeon.
You were not hungry.
You were a filthy swine.
You visited 1 branch of the dungeon, and saw 5 of its levels.

You collected 281 gold pieces.

Inventory:

Hand Weapons
 a - a +0 war axe (melded)
 w - a +0 hunting sling
 A - a +1 mace of draining
 F - a +1 dagger of freezing
 I - a +2 dagger of flaming
Missiles
 b - 4 boomerangs
 e - 139 stones (quivered)
 i - 33 bolts
 p - 18 sling bullets
 r - 6 curare-tipped darts
 s - 34 arrows
 z - 7 poisoned darts
Armour
 c - a +0 shield (melded)
 o - a +0 helmet (melded)
 u - a +0 cloak (melded)
 D - a +0 pair of boots (melded)
 E - a +0 chain mail (melded)
Wands
 B - a wand of digging (10)
Scrolls
 g - 3 scrolls of identify
 h - a scroll of remove curse
 j - a scroll of enchant weapon {unknown}
 m - 2 scrolls of teleportation {unknown}
 n - a scroll of magic mapping {unknown}
 v - a scroll of amnesia
 y - a scroll of immolation {unknown}
 C - a scroll of fear {unknown}
Potions
 l - a potion of flight
 t - a potion of cancellation {unknown}
 x - a potion of lignification
 H - a potion of brilliance
Comestibles
 f - 2 rations


   Skills:
 * Level 7.0(4.6) Fighting
 + Level 5.2(2.9) Axes
 + Level 5.0(2.7) Armour
 + Level 2.8(0.7) Stealth
 + Level 5.0(2.7) Shields


You had 6 spell levels left.
You didn't know any spells.
Your spell library was empty.

Dungeon Overview and Level Annotations

Branches:
Dungeon (5/15)
 Temple: D:4-7

Altars:
Dithmenos
Kikubaaqudgha
Xom

Annotations:
D:5 Eustachio


Message History

* * * LOW HITPOINT WARNING * * *
The quasit claws you.
* * * LOW HITPOINT WARNING * * *
You feel clumsy. The quasit completely misses you.
Eustachio gestures wildly while chanting.
Eustachio blinks!
The river rat bites you!
* * * LOW HITPOINT WARNING * * *
You can move again.
You're too confused!
Unknown command.
You're too confused!
You feel mightier all of a sudden. The quasit barely misses you.
The quasit claws you.
* * * LOW HITPOINT WARNING * * *
You feel clumsy. The quasit claws you.
* * * LOW HITPOINT WARNING * * *
The iron imp hits you!
You die...

#######
######.....###
####5rb..<.......
#.rh5####.......#
#.#### #.....#..
#.# ##.#### . #5#
.#
....###@########.#
..................
....#####.######.#
.. .# .#


You could see an iron imp, a quasit, a river rat, a bat and a rat.

Vanquished Creatures
  2 ogres
  A scorpion (D:4)
  A crimson imp (D:5)
  6 orc priests
  3 orc wizards
  An iguana (D:4)
  2 worker ants (D:4)
  7 adders
  A gnoll (D:1)
  An ooze (D:3)
  An adder skeleton (D:3)
  A worm (D:2)
  4 dart slugs
  7 leopard geckos
  13 orcs
  A ball python (D:2)
  2 bat zombies (D:4)
  12 giant cockroaches
  12 goblins
  11 hobgoblins
  9 jackals
  5 kobolds
  2 quokkas
  A ball python skeleton (D:4)
  8 bats
  6 frilled lizards
  5 rats
  A rat zombie (D:4)
126 creatures vanquished.

Notes
Turn   | Place    | Note
-------+----------+-------------------------------------------
     0 | D:1      | Deluxe999 the Hill Orc Fighter began the quest for the Orb.
     0 | D:1      | Reached XP level 1. HP: 19/19 MP: 1/1
   628 | D:1      | Reached skill level 4 in Fighting
   628 | D:1      | Reached XP level 2. HP: 25/27 MP: 2/2
   763 | D:1      | Reached XP level 3. HP: 24/33 MP: 3/3
  1491 | D:1      | Reached skill level 1 in Stealth
  1491 | D:1      | Reached XP level 4. HP: 37/41 MP: 4/4
  2201 | D:2      | HP: 2/41 [poisoned by an adder]
  2570 | D:2      | Reached XP level 5. HP: 47/47 MP: 5/5
  2583 | D:2      | Reached skill level 5 in Fighting
  3017 | D:2      | Found a shadowy altar of Dithmenos.
  3470 | D:3      | Noticed an ogre
  3481 | D:3      | Killed an ogre
  3481 | D:3      | Reached XP level 6. HP: 14/56 MP: 6/6
  4465 | D:3      | Found a shimmering altar of Xom.
  4857 | D:4      | Reached skill level 6 in Fighting
  5137 | D:4      | Reached XP level 7. HP: 58/63 MP: 7/7
  5881 | D:4      | Found an ancient bone altar of Kikubaaqudgha.
  5899 | D:4      | Upgraded the game from 0.24-a0-640-ge7cd8ce796 to
                  | 0.24-a0-652-g46ecf6da75
  6415 | D:4      | Reached skill level 5 in Axes
  6526 | D:4      | Reached skill level 5 in Armour
  7487 | D:5      | Entered Level 5 of the Dungeon
  7503 | D:5      | Noticed Eustachio
  7511 | D:5      | Reached skill level 7 in Fighting
  7511 | D:5      | Reached skill level 5 in Shields
  7605 | D:5      | Lost dexterity.
  7606 | D:5      | HP: 1/66 [river rat[Eustachio] (8)]
  7607 | D:5      | Mangled by an iron imp

Levels and vault maps discovered:
D:1:      dpeg_arrival_windows_large_door, layout_loops_ring
D:2:      layout_loops_ring, grunt_dithmenos_smoke
D:3:      layout_rooms, lemuel_round_altar, first_ration
D:4:      layout_layer_cave, lemuel_zombie_altar_kikubaaqudgha
D:5:      layout_rooms, nemelex_xobeh_ov_fountains_minmay, uniq_eustachio

Skill      XL: |  1  2  3  4  5  6  7 |
---------------+----------------------+-----
Fighting       | 4 5 6 7 |  7.0
Axes           | 3 4 5 |  5.2
Stealth        | 1 2 |  2.8
Shields        | 4 5 |  5.0
Armour         | 4 5 |  5.0

Action                   |  1- 3 |  4- 6 |  7- 9 || total
-------------------------+-------+-------+-------++-------
Melee: War axe           |   146 |   224 |   125 ||   495
       Unarmed           |       |       |    20 ||    20
Throw: Stone             |       |       |     3 ||     3
  Use: Potion            |       |     3 |     3 ||     6
       Scroll            |       |     5 |     4 ||     9
  Eat: Ration            |     1 |     2 |     2 ||     5
       Chunk             |     1 |     3 |     2 ||     6
Armor: Scale mail        |    47 |    88 |    27 ||   162
       Chain mail        |       |       |    50 ||    50
       Skin              |       |       |    42 ||    42
Dodge: Dodged            |    47 |    61 |    86 ||   194
Block: Shield            |    80 |   123 |    68 ||   271

Table legend:
 A = Non-vault XP
 B = Vault XP
 C = Vault XP percentage of total XP
 D = Non-vault monster count
 E = Vault monster count
 F = Vault count percentage of total count
                 A         B        C        D         E       F
            +---------+---------+-------+---------+---------+-------
      Total |    1143 |       5 |   0.4 |     123 |       3 |   2.4
            +---------+---------+-------+---------+---------+-------
        D:1 |      89 |       0 |   0.0 |      34 |       0 |   0.0
        D:2 |     110 |       0 |   0.0 |      32 |       0 |   0.0
        D:3 |     292 |       0 |   0.0 |      25 |       0 |   0.0
        D:4 |     600 |       5 |   0.8 |      30 |       3 |   9.1
        D:5 |      52 |       0 |   0.0 |       2 |       0 |   0.0
            +---------+---------+-------+---------+---------+-------
